[Event "Championnat de France Universitaire Nan"]
[Site "Nancy, France"]
[Date "2020.02.09"]
[Round "7.4"]
[White "Pak, Alexander"]
[Black "Geronimi, Pierre-Francois"]
[Result "0-1"]
[WhiteElo "2183"]
[BlackElo "2070"]
[PlyCount "138"]
[EventDate "2020.??.??"]
[TimeControl "15+5"]
[WhiteClock "0:00:10"]
[BlackClock "0:00:27"]

1. e4 g6 2. g3 Bg7 3. Bg2 c5 4. Nc3 Nc6 5. Nge2 e6 6. d3 Nge7 7. Be3 d6 8.
Qd2 h5 9. O-O-O Nd4 10. f4 Qa5 11. Kb1 Nec6 12. a3 Rb8 13. Bf2 b5 14. Nxd4 Nxd4 15. e5 dxe5 16. fxe5 O-O 17. Ne4 Qxd2 18. Rxd2 Bb7 19. Bxd4 cxd4 20. Re1 Bxe4 21. Rxe4 Rfd8 22. c3 Rd5 23. Rxd4 Rxe5 24. Rd7 a5 25. Rf2 f5 26. d4 Re1+ 27. Kc2 b4 28. d5 bxa3 29. bxa3 exd5 30. Bxd5+ Kh7 31. Bb3 Rc8 32. Rd3 Kh6 33. h4 Rc6 34. Rfd2 Re7 35.
Rf3 Rec7 36. Rdd3 Ra7 37. Bd5 Rb6 38. Rde3 Rc7 39. Re6 Rxe6 40. Bxe6 Rc5 41. Rd3 Rc6 42. Bf7 Rc7 43. Be6 Rc6 44. Bf7 Be5 45.
c4 Kg7 46. Bd5 Rc7 47. Rb3 Bd4 48. Kd3 Bf2 49. Ke2 Bd4 50. Rb5 Bc3 51. c5 Bd4 52. c6 Bc3 53. Bf3 Kf6 54. Kd3 Be5 55. Rxa5 Bxg3 56. Ra8 Bxh4 57. a4 Bf2 58. a5 h4 59. a6 g5 60. Rd8 g4 61. Bd5 Ke5 62. Kc4 Ra7 63. Rd7 Rxa6 64. c7 Ra1 65. Kb5 Rc1 66. Bc6 Rb1+ 67. Ka6 Rb6+ 68. Ka5 Rxc6 69. Re7+ Kf4 0-1

[Event "Championnat de France Universitaire Nan"]
[Site "Nancy, France"]
[Date "2020.02.09"]
[Round "7.5"]
[White "Cogan, Nicolas"]
[Black "Daeschler, Florian"]
[Result "0-1"]
[WhiteElo "1980"]
[BlackElo "2327"]
[PlyCount "92"]
[EventDate "2020.??.??"]
[TimeControl "15+5"]
[WhiteClock "0:00:14"]
[BlackClock "0:00:49"]

1. d4 d5 2. c4 e6 3. cxd5 exd5 4. Nc3 Nf6 5. Bg5 c6 6. e3 Be7 7. Bd3 Nbd7 8.
Qc2 h6 9. Bh4 Nh5 10. Bxe7 Qxe7 11. Nge2 Nb6 12. O-O O-O 13. h3 Bd7 14. Na4 Nxa4 15. Qxa4 Rfe8 16. Qb3 Be6 17. g4 Nf6 18. Qc2 Rad8 19. Rab1 Nd7 20. b4 h5 21. f3 Nf8 22. Ng3 Bc8 23. Rfe1 hxg4 24. hxg4 Rd6 25. Kg2 Rh6 26. Re2 Qg5 27. Rbe1 Ng6 28. Bxg6 Rxg6 29. Qd3 f5 30. Rh1 fxg4 31. f4 Qf6 32. Ree1 Kf7 33. Rh5 Rh6 34. Reh1 Reh8 35. Rxh6 Rxh6 36. Qf1 Rh3 37. Rxh3 gxh3+ 38. Kh2 Qg6 39. f5 Qg4 40. b5 Bd7 41. bxc6 bxc6 42. Qa6 Qf3 43. Kxh3 Bxf5+ 44. Kh2 Qf2+ 45. Kh1 Qxg3 46. Qxa7+ Kg6 0-1

[Event "Championnat de France Universitaire Nan"]
[Site "Nancy, France"]
[Date "2020.02.09"]
[Round "7.6"]
[White "Lambert, Thomas"]
[Black "Albaric, Etienne"]
[Result "0-1"]
[WhiteElo "1988"]
[BlackElo "2258"]
[PlyCount "68"]
[EventDate "2020.??.??"]
[TimeControl "15+5"]
[WhiteClock "0:00:23"]
[BlackClock "0:00:22"]

1. e4 c5 2. Nf3 Nc6 3. d4 cxd4 4. Nxd4 g6 5. c4 Bg7 6. Be3 Nf6 7. Nc3 d6 8.
Be2 O-O 9. O-O Bd7 10. Rc1 a6 11. Qd2 Qa5 12. Nb3 Qd8 13. Rfd1 Rc8 14. f3 Ne5 15. Nd5 Nxd5 16. cxd5 f5 17. Qb4 fxe4 18. fxe4 Bg4 19. Bxg4 Nxg4 20. Bb6 Qe8 21. Rxc8 Qxc8 22. Rc1 Qe8 23. h3 Ne5 24. Qd2 Qa4 25. Bd4 Qxa2 26. Qc3 Qa4 27. Ra1 Qb5 28. Re1 Qd7 29. Kh1 Rc8 30. Qd2 Rf8 31. Bc3 Qb5 32. Nd4 Qd3 33. Qxd3 Nxd3 34. Re3 Rf1+ 0-1

[Event "Championnat de France Universitaire Nan"]
[Site "Nancy, France"]
[Date "2020.02.09"]
[Round "7.7"]
[White "Defromont, Benjamin"]
[Black "Aubert, Estee"]
[Result "1-0"]
[WhiteElo "2263"]
[BlackElo "1998"]
[PlyCount "91"]
[EventDate "2020.??.??"]
[TimeControl "15+5"]
[WhiteClock "0:00:24"]
[BlackClock "0:00:10"]

1. e4 c5 2. Nf3 e6 3. b4 d5 4. e5 c4 5. c3 Ne7 6. d3 cxd3 7. Bxd3 Ng6 8. h4 Qc7 9. Qe2 Nd7 10. Kd1 Ngxe5 11. Bf4 Bd6 12. Nd4 a6 13. Bc2 Nc4 14. Bg5 h6 15. Bc1 Be5 16. Rh3 Nf6 17. Nd2 Bxd4 18. cxd4 Nxd2 19. Bxd2 Bd7 20. a4 Rc8 21. Rc3 Qb6 22. Rc5 Bc6 23. Qe3 O-O 24. f3 Nd7 25. Rc3 Qd8 26. Qd3 f5 27. b5 axb5 28. axb5 Qxh4 29. bxc6 bxc6 30. Be1 Qg5 31. Qe3 Qf6 32. Ra7 Nb6 33. Bd3 Rfd8 34. Rb3 Nc4 35.
Qf2 Nd6 36. Bb4 Nc4 37. Bc5 g5 38. Rbb7 Nd6 39. Qg3 Ne8 40. Qe5 Qxe5 41. dxe5 g4 42. fxg4 fxg4 43. Bh7+ Kh8 44. Bg6 Rb8 45. Rh7+ Kg8 46. Bxe8 1-0

[Event "Championnat de France Universitaire Nan"]
[Site "Nancy, France"]
[Date "2020.02.09"]
[Round "7.8"]
[White "Ginovart, Axel"]
[Black "Roch, Florian"]
[Result "1-0"]
[WhiteElo "2164"]
[BlackElo "1959"]
[PlyCount "57"]
[EventDate "2020.??.??"]
[TimeControl "15+5"]
[WhiteClock "0:02:11"]
[BlackClock "0:00:09"]

1. e4 c5 2. Nc3 d6 3. f4 g6 4. Nf3 Bg7 5. Bc4 Nc6 6. O-O e6 7. f5 exf5 8. d3 Nge7 9. Qe1 h6 10. Qh4 a6 11. Bd2 Be6 12. Rae1 Bxc4 13. exf5 Bxd3 14. f6 Bxf1 15. fxg7 Rg8 16. Nd5 Kd7 17. Nf6+ Kc7 18. Nxg8 Nxg8 19. Rxf1 Qxh4 20. Nxh4 Ne5 21. Bc3 f6 22. Bxe5 dxe5 23. Nxg6 Rd8 24. h4 Rd7 25. Nf8 Rf7 26. Rd1 Kc6 27. Ne6 Re7 28. Rd8 Rxe6 29. Rxg8 1-0

[Event "Championnat de France Universitaire Nan"]
[Site "Nancy, France"]
[Date "2020.02.09"]
[Round "8.1"]
[White "Gatineau, Yovann"]
[Black "Rakotomaharo, Fy Antenaina"]
[Result "0-1"]
[WhiteElo "2381"]
[BlackElo "2430"]
[PlyCount "66"]
[EventDate "2020.??.??"]
[TimeControl "15+5"]
[WhiteClock "0:00:40"]
[BlackClock "0:02:56"]

1. d4 e6 2. c4 Bb4+ 3. Bd2 a5 4. g3 d5 5. Nf3 dxc4 6. Qc2 Bxd2+ 7. Nbxd2 b5 8.
a4 c6 9. Bg2 Bb7 10. O-O Nf6 11. b3 cxb3 12. Nxb3 Nbd7 13. Ne5 Nxe5 14. dxe5 Nd5 15. Nc5 Qb6 16. Rfc1 Bc8 17. Be4 h5 18. Qd2 Qd8 19. Qd3 b4 20. Ra2 h4 21. f4 Qb6 22. Kg2 h3+ 23. Kf3 O-O 24. Rd2 f5 25.
exf6 Rxf6 26. Qd4 Qc7 27. e3 Qf7 28. Qe5 Bd7 29. g4 Rf8 30.
g5 Rf5 31. Bxf5 exf5 32. g6 Qxg6 33. Rxd5 Qg2# 0-1

[Event "Championnat de France Universitaire Nan"]
[Site "Nancy, France"]
[Date "2020.02.09"]
[Round "8.2"]
[White "Msellek, Ilyass"]
[Black "Daeschler, Florian"]
[Result "1-0"]
[WhiteElo "2261"]
[BlackElo "2327"]
[PlyCount "67"]
[EventDate "2020.??.??"]
[TimeControl "15+5"]
[WhiteClock "0:00:49"]
[BlackClock "0:00:15"]

1. b3 e5 2. Bb2 Nc6 3. e3 g6 4. Nf3 Bg7 5. c4 Nge7 6. d4 exd4 7. Nxd4 Nxd4 8. Bxd4 Bxd4 9. Qxd4 O-O 10. Nc3 Nf5 11. Qd2 Qf6 12. Rd1 Ne7 13.
Be2 d6 14. Nb5 Be6 15. Nxc7 Rad8 16. O-O h5 17. Bf3 Bg4 18. Bxg4 hxg4 19. Qd4 Qg5 20. Nb5 Nf5 21. Qxa7 Kg7 22. Nd4 Ne7 23. f4 Qh5 24. Qxb7 Rde8 25. g3 d5 26. f5 gxf5 27. cxd5 Rh8 28. Rf2 f4 29. exf4 Nxd5 30. f5 Nc3 31. Rdf1 Ne4 32. Ne6+ Rxe6 33. fxe6 Nxf2 34. Rxf2 1-0

[Event "Championnat de France Universitaire Nan"]
[Site "Nancy, France"]
[Date "2020.02.09"]
[Round "8.3"]
[White "Budak, Rewi"]
[Black "Geronimi, Pierre-Francois"]
[Result "0-1"]
[WhiteElo "2079"]
[BlackElo "2070"]
[PlyCount "60"]
[EventDate "2020.??.??"]
[TimeControl "15+5"]
[WhiteClock "0:00:20"]
[BlackClock "0:00:55"]

1. e4 g6 2. Nc3 Bg7 3. f4 c5 4. Nf3 Nc6 5. Bb5 a6 6. Bxc6 dxc6 7. O-O Nf6 8. d3 O-O 9. Qe1 c4 10. dxc4 Be6 11. Qe2 Qb6+ 12. Be3 Qxb2 13. Bd4 Qb4 14. Nd2 Nd7 15. Bxg7 Kxg7 16. Rf3 Bg4 17. Qe3 Bxf3 18. Qxf3 Nb6 19. Qe3 Rfd8 20. Rb1 Nxc4 21. Nxc4 Qxc4 22. Rxb7 Rab8 23. Rxe7 Rb2 24. e5 Rxc2 25. e6 Qxc3 26. Rxf7+ Kg8 27. Qe5 Qxe5 28. fxe5 Rd1+ 29. Rf1 Rxf1+ 30. Kxf1 Kf8 0-1

[Event "Championnat de France Universitaire Nan"]
[Site "Nancy, France"]
[Date "2020.02.09"]
[Round "8.4"]
[White "Albaric, Etienne"]
[Black "Ginovart, Axel"]
[Result "1-0"]
[WhiteElo "2258"]
[BlackElo "2164"]
[PlyCount "65"]
[EventDate "2020.??.??"]
[TimeControl "15+5"]
[WhiteClock "0:01:28"]
[BlackClock "0:00:11"]

1. e4 c5 2. Nf3 e6 3. d4 cxd4 4. Nxd4 Nf6 5. Nc3 Nc6 6. Nxc6 bxc6 7. e5 Nd5 8. Ne4 Qc7 9. f4 Qb6 10. c4 Ne3 11. Qd3 Nxf1 12. Rxf1 c5 13. f5 Bb7 14. Bg5 Qa5+ 15. Ke2 Bxe4 16. Qxe4 Rb8 17. b3 h6 18. Bh4 Qc7 19. Rad1 Qb7 20. Qg4 Qc7 21. Kf2 Qxe5 22. Bg3 Qb2+ 23. Kg1 Rc8 24. Qe4 Be7 25. fxe6 dxe6 26. Be5 Qxa2 27. Bxg7 Rg8 28. Qh7 Rxg7 29. Qxg7 f6 30. Qg8+ Bf8 31. Qxe6+ Be7 32. Qxc8+ Kf7 33. Qb7 1-0

[Event "Championnat de France Universitaire Nan"]
[Site "Nancy, France"]
[Date "2020.02.09"]
[Round "8.5"]
[White "Defromont, Benjamin"]
[Black "Bedini, Lucas"]
[Result "1-0"]
[WhiteElo "2263"]
[BlackElo "1932"]
[PlyCount "139"]
[EventDate "2020.??.??"]
[TimeControl "15+5"]
[WhiteClock "0:00:29"]
[BlackClock "0:04:52"]

1. f4 d5 2. Nf3 Bg4 3. e3 c5 4. b3 Nc6 5. Bb2 e6 6. h3 Bxf3 7. Qxf3 Nf6 8. Bd3 Qb6 9. Nc3 Nb4 10. Bb5+ Kd8 11. O-O-O d4 12. Bc4 Kc8 13. Na4 Qd8 14. a3 Nbd5 15. exd4 cxd4 16. Bxd4 Bxa3+ 17. Kb1 Qa5 18. Nc3 Rd8 19. Rhe1 Rb8 20. Be5 Bd6 21. Bxd6 Rxd6 22. f5 b5 23. Bxd5 Ra6 24. Na4 exd5 25. Qc3+ Qxc3 26. Nxc3 Kd7 27. g4 Rc6 28. Re5 Rd6 29. d4 b4 30. Na4 Ne4 31. Nc5+ Kc6 32. Nxe4 dxe4 33. d5+ Kc5 34. Rxe4 Rb7 35. Rc4+ Kb5 36. Rdd4 a5 37. Rc8 Rbd7 38. Rf8 Kc5 39. Rc4+ Kxd5 40. Ra8 Rc6 41. Rxa5+ Kd6 42. Rd4+ Ke7 43. Re5+ Kd8 44. Rxd7+ Kxd7 45. Rb5 Rc3 46. h4 Rh3 47. h5 g6 48. fxg6 hxg6 49. hxg6 fxg6 50. Rxb4 Ke6 51. Rc4 Kf6 52. b4 Ke5 53. c3 Rf3 54. Kb2 g5 55.
Kb3 Rf4 56. b5 Rf7 57. Kb4 Kd6 58. b6 Rf1 59. Kb5 Rb1+ 60. Ka6 Ra1+ 61. Kb7 Rb1 62. Ka7 Ra1+ 63. Kb8 Rb1 64. b7 Kd7 65. Rc5 Ra1 66. Rxg5 Ra3 67. Rc5 Ra6 68. g5 Kd6 69. Rf5 Kd7 70. Rf6 1-0

[Event "Championnat de France Universitaire Nan"]
[Site "Nancy, France"]
[Date "2020.02.09"]
[Round "8.6"]
[White "Buttard, Axel"]
[Black "Pak, Alexander"]
[Result "1-0"]
[WhiteElo "1905"]
[BlackElo "2183"]
[PlyCount "131"]
[EventDate "2020.??.??"]
[TimeControl "15+5"]
[WhiteClock "0:00:37"]
[BlackClock "0:01:31"]

1. d4 d5 2. Bf4 Nf6 3. e3 Bf5 4. c4 c6 5. Nc3 e6 6. Qb3 Qb6 7. c5 Qxb3 8.
axb3 Nbd7 9. Nf3 Nh5 10. Bg5 h6 11. Bh4 g5 12. Bg3 Nxg3 13. hxg3 Bg7 14. Be2 Ke7 15. b4 e5 16. dxe5 Nxe5 17. Nd4 Bd7 18. b5 Rhc8 19. bxc6 bxc6 20. Kd2 a5 21. Ra2 Rc7 22. Rha1 Rb8 23. Kc1 Rcb7 24. Nd1 Nc4 25. Bxc4 dxc4 26. Rxa5 Bxd4 27. exd4 Kf6 28. Ra7 Be6 29. Rxb7 Rxb7 30. Nc3 Rd7 31. Ne2 Bd5 32. f3 g4 33. Nf4 gxf3 34. Nxd5+ Rxd5 35. gxf3 Rxd4 36. Kc2 Rd3 37. Rf1 Ke5 38. g4 Kf4 39. Rh1 Rxf3 40.
Rxh6 Kxg4 41. Rxc6 Re3 42. Rf6 Re7 43. Kc3 Kg5 44. Rf2 Re4 45.
Rxf7 Kg6 46. Rf2 Kg5 47. Rd2 Kf6 48. Rd4 Re2 49. Rxc4 Ke6 50. Rd4 Ke5 51. Rd1 Re3+ 52. Kc4 Re2 53. b4 Rc2+ 54. Kb5 Ke6 55. Rd6+ Ke7 56. Kb6 Rc4 57. b5 Rc1 58. Rd2 Ke6 59. c6 Ke7 60. Rd7+ Ke6 61. Kb7 Rb1 62.
b6 Rc1 63. Rd2 Ke7 64. c7 Ke6 65. Rd8 Ke7 66. c8=Q 1-0

[Event "Championnat de France Universitaire Nan"]
[Site "Nancy, France"]
[Date "2020.02.09"]
[Round "8.7"]
[White "Marchais, Antoine"]
[Black "Battesti, Saveriu"]
[Result "1-0"]
[WhiteElo "2010"]
[BlackElo "2012"]
[PlyCount "73"]
[EventDate "2020.??.??"]
[TimeControl "15+5"]
[WhiteClock "0:06:32"]
[BlackClock "0:02:19"]

1. e4 c5 2. Nc3 Nc6 3. g3 e6 4. Bg2 a6 5. d3 b5 6. Be3 Bb7 7. Qd2 Qc7 8. f4 Nf6 9. Nce2 Ng4 10. Nf3 Nxe3 11. Qxe3 Be7 12. O-O O-O 13. c3 d5 14. exd5 exd5 15. d4 Rfe8 16. Qf2 cxd4 17. Nexd4 Bc5 18. Rfe1 Re4 19. Kf1 Rae8 20. Qd2 h6 21. Nxc6 Qxc6 22. Ne5 Rxe1+ 23. Rxe1 Qd6 24. Nd3 Rxe1+ 25. Qxe1 Bb6 26. Qe8+ Qf8 27. Qd7 Qa8 28. Ne5 f6 29. Qf7+ Kh7 30. Nd7 Qd8 31. Bh3 Bc8 32. Bf5+ Kh8 33. Qg6 Kg8 34. Be6+ Kh8 35. Nxf6 Qxf6 36. Qe8+ Kh7 37. Bg8+ 1-0

[Event "Championnat de France Universitaire Nan"]
[Site "Nancy, France"]
[Date "2020.02.09"]
[Round "8.8"]
[White "Kouoi, Bertrand"]
[Black "Kajganic, Fabien"]
[Result "0-1"]
[WhiteElo "2055"]
[BlackElo "1908"]
[PlyCount "81"]
[EventDate "2020.??.??"]
[TimeControl "15+5"]
[WhiteClock "0:00:10"]
[BlackClock "0:02:16"]

1. e4 d6 2. d4 g6 3. Nc3 Bg7 4. f4 Nf6 5. Nf3 c6 6. Bd3 Nbd7 7. O-O O-O 8.
h3 e5 9. dxe5 dxe5 10. f5 Qc7 11. Be3 Re8 12. Qe1 gxf5 13. Qh4 f4 14. Bc1 Nf8 15. Kh2 Ng6 16. Qf2 Nh5 17. Ne2 Qb6 18. Qe1 Be6 19. b3 Rad8 20. Bb2 Qc7 21. Qf2 b6 22.
Ng5 Bf6 23. Nf3 Qe7 24. Rad1 Kh8 25. c4 Rg8 26. Bc2 Rxd1 27. Rxd1 Rd8 28. Qe1 Rxd1 29. Qxd1 Qc5 30. Qe1 b5 31. Bd3 bxc4 32. Bxc4 Bxc4 33. Qc3 Qf2 34. Qxc4 Ng3 35. Nxg3 fxg3+ 36. Kh1 Qxb2 37. Qxf7 Qc1+ 38. Ng1 Bg5 39. Qe8+ Kg7 40. Qd7+ Kh6 41. h4 0-1

[Event "Championnat de France Universitaire Nan"]
[Site "Nancy, France"]
[Date "2020.02.09"]
[Round "9.1"]
[White "Geronimi, Pierre-Francois"]
[Black "Rakotomaharo, Fy Antenaina"]
[Result "0-1"]
[WhiteElo "2070"]
[BlackElo "2430"]
[PlyCount "124"]
[EventDate "2020.??.??"]
[TimeControl "15+5"]
[WhiteClock "0:00:25"]
[BlackClock "0:04:03"]

1. e4 c5 2. Nf3 d6 3. d4 cxd4 4. Nxd4 Nf6 5. Bd3 Nc6 6. Nxc6 bxc6 7. O-O e5 8. Qe2 Be7 9. Nd2 O-O 10. b3 Nd7 11. Bb2 Nc5 12. Nc4 f5 13.
exf5 Nxd3 14. cxd3 Bxf5 15. Ne3 Be6 16. Rac1 c5 17. Nc4 Bg5 18.
Rce1 Bd5 19. Nxd6 Qxd6 20. Qxe5 Qxe5 21. Rxe5 Bf6 22. Rxd5 Bxb2 23. Rxc5 Bd4 24. Rc4 Rad8 25. Rc2 Rc8 26. Rc4 Rcd8 27. Rc2 Bb6 28. Rd1 Rc8 29. Re2 Rc3 30. g3 Rd8 31. Red2 Rd4 32. Kf1 Rc6 33. Re2 Rcd6 34. Re3 R4d5 35. Rf3 Ba5 36. a3 Bc3 37. Rc1 Bb2 38.
Rc8+ Rd8 39. Rxd8+ Rxd8 40. a4 Rb8 41. d4 Bxd4 42. Rd3 Bb6 43.
f4 Rc8 44. Kg2 Rc2+ 45. Kf3 Rxh2 46. b4 Rf2+ 47. Kg4 Rb2 48. a5 Bg1 49. Rd8+ Kf7 50. Rd7+ Kf6 51. Rb7 g6 52. a6 h5+ 53. Kf3 Rb3+ 54. Kg2 Bb6 55.
Rd7 Rxb4 56. Rd6+ Kf7 57. Rd7+ Ke6 58. Rg7 Kf5 59. Rf7+ Kg4 60. Rg7 Rb2+ 61. Kf1 Kf3 62. Ke1 Be3 0-1

[Event "Championnat de France Universitaire Nan"]
[Site "Nancy, France"]
[Date "2020.02.09"]
[Round "9.2"]
[White "Albaric, Etienne"]
[Black "Msellek, Ilyass"]
[Result "1/2-1/2"]
[WhiteElo "2258"]
[BlackElo "2261"]
[PlyCount "106"]
[EventDate "2020.??.??"]
[TimeControl "15+5"]
[WhiteClock "0:00:15"]
[BlackClock "0:01:00"]

1. e4 d6 2. d4 Nf6 3. Nc3 e5 4. Nf3 Nbd7 5. Bc4 Be7 6. a4 O-O 7. O-O c6 8. h3 a5 9. Re1 exd4 10.
Nxd4 Nb6 11. Ba2 Nfd7 12. Nf5 Nc5 13. Nxe7+ Qxe7 14. Qd4 Qe5 15. Qxe5 dxe5 16. Be3 Nbxa4 17. Nxa4 Nxa4 18. Bb3 b5 19. Bxa4 bxa4 20. Rxa4 f5 21. exf5 Bxf5 22. c3 Bc2 23. Rc4 Rfb8 24. Bc1 e4 25. Rxc6 a4 26. Rc4 Rc8 27. Rxc8+ Rxc8 28. Re2 Bd3 29. Re3 a3 30. bxa3 Rxc3 31. Re1 Rb3 32. a4 Rb1 33. a5 Ra1 34. Bd2 Ra2 35. Bc3 Ra3 36. Rc1 Ra2 37. Ra1 Rxa1+ 38. Bxa1 g6 39. g4 h5 40. Kg2 Kf7 41. Kg3 hxg4 42. hxg4 g5 43. Bd4 Be2 44. Be3 Kg6 45.
Bd4 Kh6 46. Bc5 Kg6 47. Be7 Kh6 48. Kg2 Kg6 49. Bd8 Kh6 50. Kg3 Kg6 51. Bc7 Kh6 52. Bb6 Kg6 53. Bd4 Kh6 1/2-1/2

[Event "Championnat de France Universitaire Nan"]
[Site "Nancy, France"]
[Date "2020.02.09"]
[Round "9.3"]
[White "Kajganic, Fabien"]
[Black "Gatineau, Yovann"]
[Result "0-1"]
[WhiteElo "1908"]
[BlackElo "2381"]
[PlyCount "68"]
[EventDate "2020.??.??"]
[TimeControl "15+5"]
[WhiteClock "0:01:06"]
[BlackClock "0:08:53"]

1. e4 c5 2. Nc3 Nc6 3. g3 g6 4. Bg2 Bg7 5. d3 d6 6. Be3 e5 7. Qd2 Nge7 8.
f4 Nd4 9. Nd1 f5 10. c3 Ne6 11. fxe5 dxe5 12. Nf2 O-O 13. Bh6 f4 14. Bxg7 Kxg7 15. Nf3 Nc6 16. O-O-O b5 17. Bh3 b4 18. Kb1 bxc3 19. Qxc3 Qd6 20. Bxe6 Bxe6 21. Ng5 Bg8 22. gxf4 Rxf4 23. Nfh3 Rf6 24. Rc1 h6 25. Qxc5 Qxd3+ 26. Ka1 hxg5 27. Nxg5 Rd8 28. h4 Qa6 29. a3 Qa4 30. h5 Qb3 31. Kb1 Qa2+ 32. Kc2 Qb3+ 33. Kb1 Qa2+ 34. Kc2 Nd4+ 0-1

[Event "Championnat de France Universitaire Nan"]
[Site "Nancy, France"]
[Date "2020.02.09"]
[Round "9.4"]
[White "Marchais, Antoine"]
[Black "Defromont, Benjamin"]
[Result "1-0"]
[WhiteElo "2010"]
[BlackElo "2263"]
[PlyCount "107"]
[EventDate "2020.??.??"]
[TimeControl "15+5"]
[WhiteClock "0:10:15"]
[BlackClock "0:00:32"]

1. e4 e6 2. d4 d5 3. e5 c5 4. Nf3 Nc6 5. Bd3 cxd4 6. O-O f5 7. a3 Qc7 8. Re1 Nge7 9. b4 Ng6 10. Qe2 a6 11. h4 Be7 12. h5 Nf8 13. Bb2 Nd7 14. Nxd4 Nxd4 15. Bxd4 Nb6 16. Nd2 Bd7 17. c4 dxc4 18. Nxc4 Nd5 19. Nd6+ Bxd6 20. exd6 Qxd6 21. Bxf5 O-O 22. Bxe6+ Bxe6 23. Qxe6+ Qxe6 24. Rxe6 Nf4 25. Re7 Rf7 26. Rae1 Nxh5 27. Bc5 Rxe7 28. Rxe7 b5 29. Re6 Nf4 30. Rb6 g6 31. g3 Nd5 32. Rd6 Ne7 33. g4 Nc8 34. Rd7 h6 35.
Kg2 a5 36. bxa5 Rxa5 37. Rd8+ Kf7 38. Rxc8 Ra4 39. Bb4 Ra7 40. Rb8 Ke6 41. Rxb5 Rd7 42. Rb6+ Kf7 43. Rd6 Rc7 44. a4 Rc4 45. Rb6 Rxg4+ 46. Kf3 Rc4 47. a5 Rc1 48. a6 Ra1 49. Rb7+ Ke6 50. a7 Kd5 51. Bd2 g5 52. Be3 h5 53. Rb8 g4+ 54. Kg3 1-0

[Event "Championnat de France Universitaire Nan"]
[Site "Nancy, France"]
[Date "2020.02.09"]
[Round "9.5"]
[White "Buttard, Axel"]
[Black "Alloui-Cros, Baptiste"]
[Result "1-0"]
[WhiteElo "1905"]
[BlackElo "2141"]
[PlyCount "80"]
[EventDate "2020.??.??"]
[TimeControl "15+5"]
[WhiteClock "0:00:14"]
[BlackClock "0:00:07"]

1. d4 Nf6 2. Bf4 g6 3. Nc3 d5 4. Qd2 c6 5. f3 b5 6. e3 Bg7 7. O-O-O Qa5 8.
Kb1 b4 9. Nce2 Nbd7 10. Nc1 O-O 11. g4 Re8 12. h4 e5 13. dxe5 Nxe5 14. h5 Ba6 15. Bxa6 Qxa6 16. hxg6 fxg6 17. Qh2 Nc4 18. Bg5 Re7 19. Qh4 Rf7 20. Nd3 Re8 21. Nh3 Nxe3 22. Rde1 Nc4 23. Bxf6 Rxe1+ 24. Rxe1 Bxf6 25. Re8+ Kg7 26. Ng5 Bxg5 27. Qxg5 Qb6 28. Qc1 Qb7 29. b3 Na3+ 30. Kb2 Qd7 31. Qe3 Qd6 32. Re6 Qc7 33. Nxb4 Nb5 34. Nd3 d4 35.
Qe4 c5 36. Rc6 Qe7 37. Qxe7 Rxe7 38. Rxc5 a6 39. Rc6 Nc7 40. Nc5 a5 1-0

[Event "Championnat de France Universitaire Nan"]
[Site "Nancy, France"]
[Date "2020.02.09"]
[Round "9.6"]
[White "Daeschler, Florian"]
[Black "Aubert, Estee"]
[Result "1-0"]
[WhiteElo "2327"]
[BlackElo "1998"]
[PlyCount "87"]
[EventDate "2020.??.??"]
[TimeControl "15+5"]
[WhiteClock "0:10:43"]
[BlackClock "0:02:04"]

1. d4 d5 2. c4 dxc4 3. e4 e5 4. Nf3 exd4 5. Bxc4 Be6 6. Bxe6 fxe6 7. Nxd4 e5 8. Qh5+ Kd7 9. Qf5+ Ke8 10. Qxe5+ Qe7 11. Qxe7+ Bxe7 12. Nc3 Nd7 13. Bf4 c6 14. Nf5 Kf7 15. Rd1 Nb6 16. O-O Nf6 17. Nxe7 Kxe7 18. Bg5 h6 19. Bxf6+ Kxf6 20. Rd6+ Ke7 21. Rfd1 Rad8 22. Rxd8 Rxd8 23. Rxd8 Kxd8 24. f4 Ke7 25. Kf2 Ke6 26. Kf3 Nc4 27. b3 Nd6 28.
e5 Nf7 29. Ke4 b6 30. Ne2 Nd8 31. Nd4+ Kf7 32. f5 a6 33. g4 c5 34. Nc2 Ke7 35.
Kd5 Kd7 36. Ne3 Ke7 37. Nc4 b5 38. Nd6 c4 39. bxc4 bxc4 40. Nxc4 Nf7 41. h4 Nd8 42. Nd6 a5 43. a4 Kf8 44. Kc5 1-0

[Event "Championnat de France Universitaire Nan"]
[Site "Nancy, France"]
[Date "2020.02.09"]
[Round "9.7"]
[White "Cogan, Nicolas"]
[Black "Budak, Rewi"]
[Result "1-0"]
[WhiteElo "1980"]
[BlackElo "2079"]
[PlyCount "113"]
[EventDate "2020.??.??"]
[TimeControl "15+5"]
[WhiteClock "0:00:19"]
[BlackClock "0:00:54"]

1. d4 c5 2. d5 e5 3. e4 d6 4. c4 g6 5. Bd3 h5 6. f4 Bg7 7. Nc3 a6 8. Nf3 Bg4 9. O-O Nd7 10. Qa4 b5 11. cxb5 axb5 12. Qxb5 Rb8 13. Qa4 Rb4 14. Qa6 Rb6 15. Qa5 exf4 16. Bb5 Bxf3 17. Bxd7+ Kxd7 18. Rxf3 Bd4+ 19. Kh1 g5 20. Nb5 Rxb5 21. Qxb5+ Ke7 22. Bd2 Nf6 23. Bc3 Bxc3 24. bxc3 Nxe4 25. a4 Qa8 26. a5 Qxd5 27. a6 h4 28. Qb7+ Qxb7 29. axb7 Rb8 30. Rb1 c4 31. Rb5 Nc5 32. Rf1 Rxb7 33. Rxb7+ Nxb7 34. Rd1 Nc5 35. Rd4 Ke6 36. Rxc4 Kd5 37. Rd4+ Ke5 38. Kg1 d5 39. Kf1 Ne4 40. Rd3 g4 41. Ke2 f6 42. Kf1 Nc5 43. Rd4 Nb3 44. Rd3 Ke4 45.
Rd1 f3 46. gxf3+ Kxf3 47. Rxd5 Ke4 48. Rb5 Nd2+ 49. Kf2 f5 50. Rb4+ Kd5 51. Rd4+ Ke5 52. Rxd2 f4 53. c4 Ke4 54. Re2+ Kd3 55. Re7 Kxc4 56. Re4+ Kd3 57. Rxf4 1-0

[Event "Championnat de France Universitaire Nan"]
[Site "Nancy, France"]
[Date "2020.02.09"]
[Round "9.8"]
[White "Pak, Alexander"]
[Black "Fischer Schilling, Ian"]
[Result "0-1"]
[WhiteElo "2183"]
[BlackElo "1810"]
[PlyCount "94"]
[EventDate "2020.??.??"]
[TimeControl "15+5"]
[WhiteClock "0:00:33"]
[BlackClock "0:02:41"]

1. e4 c5 2. Nf3 d6 3. d4 cxd4 4. Nxd4 Nf6 5. Nc3 a6 6. Be2 e5 7. Nb3 Be7 8.
Be3 Be6 9. O-O d5 10. exd5 Nxd5 11. Nxd5 Bxd5 12. c4 Be6 13. Nc5 Bxc5 14. Qxd8+ Kxd8 15. Bxc5 Nd7 16. Bd6 Rc8 17. b3 Rc6 18. Rad1 e4 19. Rd4 Bf5 20. Rfd1 Ke8 21. g4 Bg6 22. Bg3 Nf8 23. Rd8+ Ke7 24. Rb8 b6 25.
Rdd8 f6 26. c5 bxc5 27. Bc4 Bf7 28. Bxf7 Kxf7 29. Rb7+ Kg6 30.
Bd6 Ne6 31. Rxh8 Rxd6 32. h4 h6 33. Re8 f5 34. h5+ Kf6 35.
gxf5 Kxf5 36. f3 exf3 37. Kf2 Kg4 38. Rf7 Rd2+ 39. Kf1 Ng5 40.
Rxg7 Kxh5 41. a4 Rb2 42. Re3 Kg4 43. Rc3 Kg3 44. Rc1 Rh2 45. Kg1 f2+ 46. Kf1 Rh1+ 47. Ke2 Rxc1 0-1